 Dungeon Crawl Stone Soup version 0.30-a0-385-gfebfb9b408 (webtiles) character file.

Game seed: 3448779698069734338

1038 IdlyInterested the Trooper (level 8, -6/67 HPs)
             Began as a Demonspawn Wanderer on Dec 2, 2022.
             Mangled by an ogre
             ... wielding a +0 giant club
              (21 damage)
             ... on level 5 of the Dungeon.
             The game lasted 00:22:24 (6135 turns).

IdlyInterested the Trooper (Demonspawn Wanderer)    Turns: 6135, Time: 00:22:24

Health: -6/67      AC:  4    Str: 15    XL:     8   Next: 4%
Magic:  11/11      EV: 12    Int: 13    God:
Gold:   216        SH:  0    Dex: 13    Spells: 7/11 levels left

rFire   . . .      SeeInvis .    a - +3 falchion
rCold   . . .      Faith    .    (no shield)
rNeg    . . .      Spirit   .    p - +0 robe
rPois   .          Reflect  .    w - +0 helmet
rElec   .          Harm     .    i - +0 cloak
rCorr   .          Rampage  .    (no gloves)
Will    +....                    (no boots)
Stlth   ++........               (no amulet)
HPRegen 0.31/turn                d - ring of willpower
MPRegen 0.12/turn                (no ring)

@: on berserk cooldown, slowed, very slow
A: claws 2, foul stench 2
a: no special abilities


You were on level 5 of the Dungeon.
You visited 1 branch of the dungeon, and saw 5 of its levels.

You collected 216 gold pieces.

Inventory:

Hand Weapons
 a - a +3 falchion (weapon)
 e - a +0 dagger
 q - a +0 rapier
 t - a +0 short sword of draining
 y - a +0 dagger of venom
 z - a +0 falchion
Missiles
 f - 21 stones (quivered)
Armour
 g - a +0 leather armour
 i - a +0 cloak (worn)
 p - a +0 robe (worn)
 w - a +0 helmet (worn)
 A - a +0 ring mail
Jewellery
 d - a ring of willpower (left claw)
Wands
 k - a wand of acid (17)
Scrolls
 b - a scroll of fear
 c - 2 scrolls of immolation {unknown}
 h - a scroll of magic mapping {unknown}
 j - 5 scrolls of teleportation
 m - a scroll of amnesia {unknown}
 n - 2 scrolls of vulnerability
 r - a scroll of blinking {unknown}
 x - a scroll of torment {unknown}
Potions
 o - a potion of brilliance
 s - a potion of magic
 u - a potion of cancellation


   Skills:
 + Level 7.5 Fighting
 - Level 1.7 Long Blades
 - Level 1.0 Throwing
 - Level 1.0 Armour
 * Level 2.8 Dodging
 - Level 1.0 Stealth
 - Level 2.0 Spellcasting
 * Level 4.8 Translocations
 - Level 2.0 Air Magic
 - Level 1.0 Evocations


You had 7 spell levels left.
You knew the following spells:

 Your Spells              Type           Power      Damage    Failure   Level
a - Apportation           Tloc           26%        N/A       3%          1
b - Vhi's Electric Charg  Tloc/Air       20%        N/A       19%         3

Your spell library contained the following spells:

 Spells                   Type           Power      Damage    Failure   Level
 Gell's Gravitas          Tloc           13%        N/A       11%         3
 Slow                     Hex            4%         N/A       26%         1
 Confusing Touch          Hex            1%         N/A       58%         3
 Vampiric Draining        Necr           1%         2d6       58%         3
 Arcjolt                  Conj/Air       1%         1d11      99%         5
 Maxwell's Capacitive Co  Air            3%         ∞         100%        8


Dungeon Overview and Level Annotations

Branches:
Dungeon (5/15)
 Temple: D:4-7

Altars:
Ashenzari
Dithmenos
Nemelex Xobeh
Okawaru
Xom


Innate Abilities, Weirdness & Mutations

You have very sharp fingernails.
You sometimes emit foul miasma when damaged in melee.


Message History

The iguana is almost dead.
You hit the iguana.
You kill the iguana!
You have reached level 8!
You feel stronger.
Your demonic ancestry asserts itself...
Your foul stench grows more powerful.
Things that are here:
a +0 dagger; a +0 robe; an orc corpse You slash the iguana!
The iguana is severely wounded.
The iguana bites you.
* * * LOW HITPOINT WARNING * * *
You slash the iguana!
You kill the iguana!
You feel a strong urge to attack something.
You are no longer berserk.
You are exhausted.
You feel yourself slow down.
You start resting.
An ogre comes into view. It is wielding a +0 giant club.
Throw: 24 stones
Press: ? - help, Q - select action, (/) - cycle Shift-Dir - straight line, f - ogre
Aim: an ogre, wielding a +0 giant club (wandering, hasn't noticed you, 75% to hit)
You throw a stone. The ogre shouts!
The stone hits the ogre but does no damage.
Throw: 23 stones
Press: ? - help, Q - select action, (/) - cycle Shift-Dir - straight line, f/p - ogre
Aim: an ogre, wielding a +0 giant club (75% to hit)
You throw a stone. The stone hits the ogre.
The ogre is lightly wounded.
Throw: 22 stones
Press: ? - help, Q - select action, (/) - cycle Shift-Dir - straight line, f/p - ogre
Aim: an ogre, wielding a +0 giant club (75% to hit)
You throw a stone. The stone hits the ogre.
The ogre is lightly wounded.
You hit the ogre.
The ogre is lightly wounded.
The ogre hits you with a +0 giant club!!
You die...

........#
#..#.#.#...#
...)#####
#.#######..#
###.#######..##
#...# #.........##.
##.##
#.........##.# ##.#
#..........##. #..#
#.........##..###.#
#.........##.#O##.#
######'##).##.@#..#
#..#.##..###.#
##.#.##.#.##.#
#....##..#..#
##..##.)###.#
#..##.#.##.#
#...##†##..#
#.#..#.#)..#
#.##..#..#.#


You could see an ogre.

Vanquished Creatures
  Menkaure (D:5)
  An ogre (D:5)
  A centaur (D:5)
  3 scorpions
  2 necrophages
  2 orc priests (D:5)
  A gnoll bouda (D:5)
  2 hounds (D:5)
  4 iguanas
  An orc wizard (D:5)
  3 gnolls (D:5)
  8 adders
  A shadow imp (D:5)
  A worm (D:2)
  A dart slug (D:1)
  5 orcs (D:5)
  7 ball pythons
  5 endoplasms
  A giant cockroach (D:3)
  5 goblins
  5 hobgoblins
  7 jackals (D:1)
  4 quokkas
  5 bats
  8 kobolds
  4 rats
88 creatures vanquished.

Notes
Turn   | Place    | Note
-------+----------+-------------------------------------------
     0 | D:1      | IdlyInterested the Demonspawn Wanderer began the quest for
                  | the Orb.
     0 | D:1      | IdlyInterested set off with the following items: a +3
                  | falchion, a scroll of fear, a +0 robe; and the following
                  | spell memorised: Apportation; and the following spells
                  | available to memorise: Gell's Gravitas.
     0 | D:1      | Reached XP level 1. HP: 21/21 MP: 2/2
   100 | D:1      | Gained mutation: You have sharp fingernails. [demonic
                  | ancestry]
   100 | D:1      | Reached XP level 2. HP: 27/27 MP: 3/3
   693 | D:1      | Reached XP level 3. HP: 34/34 MP: 4/4
   866 | D:1      | Learned a level 3 spell: Vhi's Electric Charge
  1115 | D:2      | Reached skill level 1 in Dodging
  1998 | D:3      | Found a shimmering altar of Xom.
  2146 | D:3      | Reached skill level 6 in Fighting
  2243 | D:3      | Gained mutation: You have very sharp fingernails. [demonic
                  | ancestry]
  2243 | D:3      | Reached XP level 4. HP: 40/40 MP: 5/5
  2672 | D:3      | Found a faded altar of an unknown god.
  2732 | D:3      | Found an iron altar of Okawaru.
  3370 | D:4      | Noticed a necrophage
  3390 | D:4      | Killed a necrophage
  3391 | D:4      | Reached skill level 1 in Air Magic
  3391 | D:4      | Gained mutation: You may rarely emit foul miasma when
                  | damaged in melee. [demonic ancestry]
  3391 | D:4      | Reached XP level 5. HP: 32/46 MP: 6/6
  4148 | D:4      | Reached skill level 1 in Throwing
  4148 | D:4      | Reached XP level 6. HP: 32/52 MP: 7/7
  4271 | D:4      | HP: 1/52 [poisoned by a scorpion]
  4538 | D:4      | Found a shadowy altar of Dithmenos.
  4659 | D:5      | Entered Level 5 of the Dungeon
  5113 | D:5      | Reached XP level 7. HP: 21/59 MP: 9/9
  5351 | D:5      | Reached skill level 7 in Fighting
  5351 | D:5      | Reached skill level 1 in Evocations
  5560 | D:5      | Found a broken altar of Ashenzari.
  5660 | D:5      | Noticed Menkaure
  5667 | D:5      | Killed Menkaure
  5773 | D:5      | Found a sparkling altar of Nemelex Xobeh.
  5823 | D:5      | Reached skill level 1 in Armour
  6124 | D:5      | Gained mutation: You sometimes emit foul miasma when
                  | damaged in melee. [demonic ancestry]
  6124 | D:5      | Reached XP level 8. HP: 19/67 MP: 11/11
  6135 | D:5      | Mangled by an ogre

Illustrated notes

Levels and vault maps discovered:
D:1:      minmay_arrival_nine_rooms, layout_basic, st_stairs_14
D:2:      layout_loops_corners
D:3:      layout_loops_ring, xom_teletrap_fun, okawaru_gym_becter,
          chequers_ecumenical_altar_simple, dk_noncrumbling_2
D:4:      layout_basic, grunt_dithmenos_smoke, serial_corexii_hall,
          chequers_hall_statues_wall_a, chequers_hall_statues_wall_a
D:5:      layout_basic, kennysheep_little_box, fedhas_altar_4,
          nemelex_spade_bored_becter, minmay_misc_feat_more_columns,
          corexii_corridor_pit, minivault_26, minmay_manual_macuahuitl,
          uniq_menkaure

Skill      XL: |  1  2  3  4  5  6  7 |
---------------+----------------------+-----
Dodging        | 1 2 |  2.8
Fighting       | 6 7 |  7.5
Translocations | 2 3 4 |  4.8
Air Magic      | 1 2 |  2.0
Throwing       | 1 |  1.0
Spellcasting   | 2 |  2.0
Evocations     | 1 |  1.0
Armour         | 1 |  1.0
Long Blades    | |  1.7
Stealth        | |  1.0

Action                   |  1- 3 |  4- 6 |  7- 9 || total
-------------------------+-------+-------+-------++-------
Melee: Falchion          |    76 |   132 |    66 ||   274
       Short sword       |       |    25 |       ||    25
       Unarmed           |       |       |    15 ||    15
       Punch             |       |       |     3 ||     3
Throw: Stone             |       |    13 |    11 ||    24
 Cast: Apportation       |     3 |     9 |     1 ||    13
Evoke: Wand              |       |     3 |       ||     3
  Use: Scroll            |     3 |     3 |     2 ||     8
       Potion            |       |     8 |     2 ||    10
 Stab: Sleeping          |     6 |     5 |       ||    11
       Invisible         |       |     1 |       ||     1
Armor: Robe              |    14 |    22 |    14 ||    50
       Skin              |       |     3 |    12 ||    15
Dodge: Dodged            |    38 |   106 |    58 ||   202

Table legend: (Time is in decaauts)
 A = Elapsed time spent in this place.
 B = Non-inter-level travel time spent in this place.
 C = Inter-level travel time spent in this place.
 D = Time resting spent in this place.
 E = Time spent auto-exploring this place.
 F = Levels seen in this place.
 G = Mean time per level.
                   A        B        C        D        E       F      G
               +--------+--------+--------+--------+--------+-----+--------+
         Total |   6176 |   5474 |    702 |   1469 |   2784 |   5 | 1235.2 |
       Dungeon |   6176 |   5474 |    702 |   1469 |   2784 |   5 | 1235.2 |
               +--------+--------+--------+--------+--------+-----+--------+

Top non-repeatable levels by time:
     D:4: 1737 daAuts
     D:5: 1245 daAuts
     D:3: 1103 daAuts
     D:1: 1061 daAuts
     D:2: 1029 daAuts
